 Dungeon Crawl Stone Soup version 0.23-a0-677-g07611c5 (webtiles) character file.

1387 Amnesiac the Martial Artist (level 8, -15/62 HPs)
             Began as a Yellow Draconian Transmuter on Jan 9, 2019.
             Demolished by an orc warrior
             ... wielding a +0 halberd
              (23 damage)
             ... on level 7 of the Dungeon.
             The game lasted 00:13:05 (5239 turns).

Amnesiac the Martial Artist (DrTm)                  Turns: 5239, Time: 00:13:06

Health: -15/62     AC:  2    Str: 13    XL:     8   Next: 40%
Magic:  6/11       EV: 20    Int: 14    God:
Gold:   242        SH:  0    Dex: 22    Spells: 3/12 levels left

rFire    . . .     SeeInvis .     - Unarmed
rCold    . . .     Gourm    .   (shield currently unavailable)
rNeg     . . .     Faith    .   (armour unavailable)
rPois    x         Spirit   .   (helmet currently unavailable)
rElec    .         Reflect  .   (cloak currently unavailable)
rCorr    .         Harm     .   (gloves currently unavailable)
MR       .....                  (boots currently unavailable)
Stlth    +++.......             (no amulet)
HPRegen  0.20/turn              o - ring of stealth
MPRegen  0.12/turn              B - +4 ring of dexterity

@: spider-form, very slightly contaminated
A: tiny, (spit acid), (acid resistance), unfitting armour, AC +6
a: End Transformation


You were on level 7 of the Dungeon.
You were hungry.
You were a venomous arachnid creature.
You visited 1 branch of the dungeon, and saw 7 of its levels.

You collected 242 gold pieces.

Inventory:

Hand Weapons
 a - a +1 blowgun
Missiles
 l - 98 arrows
 m - 6 curare-tipped needles
Armour
 j - a +0 cloak (melded)
 y - a +1 pair of gloves (melded)
Jewellery
 o - a ring of stealth (left front leg)
 B - a +4 ring of dexterity (right front leg)
Wands
 v - a wand of iceblast (6)
Scrolls
 b - a scroll of noise {!r}
 h - a scroll of amnesia {!r}
 n - a scroll of enchant weapon {!r}
 p - 2 scrolls of blinking {!r}
 q - a scroll of teleportation {!r}
 s - a scroll of enchant armour {!r}
Potions
 i - 2 potions of agility {!q}
 t - a potion of cancellation {!q}
 u - a potion of invisibility {!q}
 z - a potion of might {!q}
 A - a potion of brilliance {!q}
Comestibles
 c - 6 rations


   Skills:
 + Level 2.4 Fighting
 - Level 1.7 Dodging
 * Level 9.3 Unarmed Combat
 - Level 2.5 Spellcasting
 - Level 5.0 Transmutations


You had 3 spell levels left.
You knew the following spells:

 Your Spells              Type           Power        Failure   Level  Hunger
a - Spider Form           Tmut/Pois      #.........   45%         3    ###....
b - Sticks to Snakes      Tmut           ###.....     13%         2    ###....
c - Ice Form              Ice/Tmut       #.......     82%         4    #####..

Your spell library contained the following spells:

 Spells                   Type           Power        Failure   Level  Hunger
 Beastly Appendage        Tmut           ###...       11%         1    #......
 Blade Hands              Tmut           ###.......   82%         5    ######.


Dungeon Overview and Level Annotations

Branches:
Dungeon (7/15)
 Temple: D:4-7

Altars:
Cheibriados
Ru
Yredelemnul
The Shining One

Portals:
Sewer: D:6

Annotations:
D:4 exclusion: downstairs
D:6 Eustachio


Innate Abilities, Weirdness & Mutations

((You can spit globs of acid.))
((You are resistant to acid.))
((Your golden yellow scales are hard. (AC +6)))
You cannot fit into any form of body armour.
((You are cold-blooded and may be slowed by cold attacks.))


Message History

The bat hits you but does no damage.
The crimson imp blinks!
The bat closely misses you. The bat closely misses you.
The crimson imp blinks!
The bat closely misses you. The bat closely misses you.
The bat closely misses you. The bat barely misses you.
The crimson imp puffs mist at you. The hound bites you but does no damage.
The bat closely misses you. The bat closely misses you.
The hound closely misses you. The bat closely misses you.
The crimson imp blinks!
The bat closely misses you.
The crimson imp blinks!
The hound bites you.
* * * LOW HITPOINT WARNING * * *
The bat barely misses you. The bat hits you.
* * * LOW HITPOINT WARNING * * *
The hound bites you but does no damage. The bat barely misses you.
Eustachio casts a spell.
Eustachio blinks!
The crimson imp shouts, "Give up, thou skyhacking flap-mouthed pot-faker!"
The crimson imp blinks!
The bat misses you. The hound bites you but does no damage.
The bat closely misses you. The bat closely misses you. x2
The bat hits you but does no damage. The bat barely misses you.
The bat barely misses you. The bat hits you but does no damage.
The bat misses you. The hound bites you but does no damage.
The bat barely misses you.
There is a stone staircase leading down here.
The bat barely misses you. The hound closely misses you.
The bat hits you but does no damage. The hound bites you but does no damage.
You climb downwards.
The orc warrior closely misses you.
An orc comes into view. It is wielding a +0 morningstar.
The orc warrior closely misses you.
There is a stone staircase leading up here.
Casting: Spider Form (safe; 24% risk of failure)
Confirm with . or Enter, or press ? or * to list all spells.
You don't know that spell.
A bullfrog comes into view.
The hound bites you but does no damage. The hound bites you but does no damage.
The hound pauses to sniff the ground.
The orc priest invokes the aid of Beogh against you.
Beogh smites you!
* * * LOW HITPOINT WARNING * * *
The hound misses you.
Casting: Spider Form (safe; 24% risk of failure)
Confirm with . or Enter, or press ? or * to list all spells.
You miscast Sticks to Snakes.
You are very lightly contaminated with residual magic.
Your skin tingles.
You are feeling hungry.
The hound completely misses you. The orc warrior misses you.
The hound closely misses you.
Casting: Sticks to Snakes (safe; 4% risk of failure)
Confirm with . or Enter, or press ? or * to list all spells.
You turn into a venomous arachnid creature.
The hound closely misses you.
The orc warrior hits you from afar with a +0 halberd!!
You die...

#### #..
#.# #s#
#h#
###o#.#
#.oF..#
##.#.....#
#o<#######
#.## #o#
#.#


You could see an orc warrior, a bullfrog, a hound and an orc priest.

Vanquished Creatures
  Sigmund (D:2)
  Edmund (D:4)
  A sky beast (D:6)
  A phantom (D:4)
  2 ogres
  A centaur (D:5)
  A scorpion (D:6)
  A howler monkey (D:6)
  2 hounds
  3 orc wizards
  An iguana (D:5)
  Ijyb (D:4)
  5 worker ants
  2 hound skeletons
  Robin (D:4)
  2 howler monkey zombies (D:5)
  A river rat (D:6)
  7 adders
  2 shadow imps (D:6)
  2 oozes
  4 worms
  2 dart slugs (D:1)
  3 leopard geckos
  10 orcs
  3 ball pythons
  11 bats
  8 giant cockroaches
  12 goblins
  6 hobgoblins
  9 jackals
  6 kobolds
  2 quokkas
  A ball python skeleton (D:4)
  6 frilled lizards
  A jackal skeleton (D:7)
  4 rats
126 creatures vanquished.

Vanquished Creatures (collateral kills)
  A goblin (D:3)
  A hobgoblin (D:3)
2 creatures vanquished.

Grand Total: 128 creatures vanquished

Notes
Turn   | Place    | Note
-------+----------+-------------------------------------------
     0 | D:1      | Amnesiac the Draconian Transmuter began the quest for the
                  | Orb.
     0 | D:1      | Reached XP level 1. HP: 16/16 MP: 3/3
   133 | D:1      | Reached XP level 2. HP: 16/23 MP: 3/5
   147 | D:1      | Learned a level 2 spell: Sticks to Snakes
   557 | D:1      | Reached XP level 3. HP: 14/28 MP: 4/6
   836 | D:2      | Learned a level 3 spell: Spider Form
  1100 | D:2      | Noticed Sigmund
  1211 | D:2      | Killed Sigmund
  1211 | D:2      | Reached skill level 5 in Unarmed Combat
  1211 | D:2      | Reached XP level 4. HP: 16/35 MP: 3/7
  1211 | D:2      | Reached XP level 5. HP: 19/40 MP: 3/8
  1990 | D:3      | Reached XP level 6. HP: 27/47 MP: 6/9
  2403 | D:3      | Found a sacrificial altar of Ru.
  2403 | D:3      | Found a basalt altar of Yredelemnul.
  2691 | D:4      | Reached skill level 6 in Unarmed Combat
  2749 | D:5      | Entered Level 5 of the Dungeon
  2763 | D:4      | Your scales start taking on a golden yellow colour.
  2763 | D:4      | Reached XP level 7. HP: 31/52 MP: 6/10
  2873 | D:4      | Found a glowing golden altar of the Shining One.
  2875 | D:4      | Noticed Edmund
  2891 | D:4      | Killed Edmund
  2891 | D:4      | Reached skill level 7 in Unarmed Combat
  2946 | D:4      | Identified the cursed +0 helmet of Freedom {rN++ Slay+5
                  | Stlth-}
  2946 | D:4      | Noticed Robin
  2966 | D:4      | Reached skill level 5 in Transmutations
  2975 | D:4      | Killed Robin
  3083 | D:4      | Noticed Ijyb
  3089 | D:4      | Killed Ijyb
  3369 | D:4      | Learned a level 4 spell: Ice Form
  3921 | D:5      | Reached skill level 8 in Unarmed Combat
  4157 | D:5      | Reached XP level 8. HP: 56/59 MP: 7/11
  4661 | D:6      | Found a glowing drain.
  4697 | D:6      | Reached skill level 9 in Unarmed Combat
  4843 | D:6      | HP: 1/61 [sky beast (6)]
  5194 | D:6      | Noticed Eustachio
  5199 | D:6      | Found a snail-covered altar of Cheibriados.
  5239 | D:7      | Demolished by an orc warrior

Vault maps used:
D:1:      eino_arrival_cavern_b
D:2:      uniq_sigmund
D:3:      chequers_temple_overflow_statue_of_worship
D:4:      lemuel_crystal_altar, first_ration, minmay_misc_feat_encased,
          uniq_edmund, uniq_robin, uniq_ijyb
D:5:      hex_tiny
D:6:      wander_river, marbit_many_paths, cheibrodos_sewer_entry_sluice,
          cheibriados_altar_1, uniq_eustachio
D:7:      minmay_temple_entry_drinking_statues, uniq_duvessa,
          uniq_prince_ribbit1

Skill      XL: |  1  2  3  4  5  6  7  8 |
---------------+-------------------------+-----
Unarmed Combat | 5 6 8 9 |  9.3
Transmutations | 3 4 5 |  5.0
Fighting       | 2 |  2.4
Dodging        | |  1.7
Spellcasting   | |  2.5

Action                   |  1- 3 |  4- 6 |  7- 9 || total
-------------------------+-------+-------+-------++-------
Melee: Unarmed           |   118 |   111 |   198 ||   427
       Headbutt          |     9 |       |       ||     9
       Tailslap          |     4 |     5 |     5 ||    14
       Kick              |     3 |       |       ||     3
       Punch             |     1 |       |     2 ||     3
 Fire: Blowgun           |       |     4 |       ||     4
 Cast: Beastly Appendage |    16 |     1 |       ||    17
       Spider Form       |     3 |    11 |    27 ||    41
       Sticks to Snakes  |       |     1 |       ||     1
  Use: Scroll            |       |     1 |    13 ||    14
       Potion            |       |       |     2 ||     2
 Stab: Sleeping          |       |       |     3 ||     3
  Eat: Chunk             |     2 |     7 |    12 ||    21
Armor: Skin              |    46 |    18 |    33 ||    97
Dodge: Dodged            |    98 |    79 |   150 ||   327

Table legend:
 A = Non-vault XP
 B = Vault XP
 C = Vault XP percentage of total XP
 D = Non-vault monster count
 E = Vault monster count
 F = Vault count percentage of total count
                 A         B        C        D         E       F
            +---------+---------+-------+---------+---------+-------
      Total |    1373 |     609 |  30.7 |     109 |      19 |  14.8
            +---------+---------+-------+---------+---------+-------
        D:1 |      43 |       0 |   0.0 |      23 |       0 |   0.0
        D:2 |      30 |     227 |  88.3 |      14 |       1 |   6.7
        D:3 |     175 |       0 |   0.0 |      26 |       0 |   0.0
        D:4 |     471 |     231 |  32.9 |      20 |      13 |  39.4
        D:5 |     484 |       0 |   0.0 |      18 |       0 |   0.0
        D:6 |     169 |     151 |  47.2 |       7 |       5 |  41.7
        D:7 |       1 |       0 |   0.0 |       1 |       0 |   0.0
            +---------+---------+-------+---------+---------+-------
